 Dungeon Crawl Stone Soup version 0.25-a0-949-gdd2af9e06e (webtiles) character file.

Game seed: 9768033817252854604, levelgen mode: deterministic

51703 Flugslaktarn the Severer (level 15, -1/121 HPs)
             Began as a Formicid Fighter on May 8, 2020.
             Was the Champion of Okawaru.
             Slain by a 13-headed hydra (11 damage)
             ... on level 11 of the Dungeon.
             The game lasted 00:12:13 (20042 turns).

Flugslaktarn the Severer (Formicid Fighter)        Turns: 20042, Time: 00:12:13

Health: -1/121     AC: 24    Str: 29    XL:     15   Next: 3%
Magic:  16/21      EV: 10    Int:  9    God:    Okawaru [******]
Gold:   1035       SH: 15    Dex: 11    Spells: 14/14 levels left

rFire    . . .     SeeInvis +   a - +1 battleaxe (vamp)
rCold    . . .     Gourm    .   c - +1 kite shield
rNeg     . . .     Faith    .   h - +0 plate armour
rPois    +         Spirit   .   (helmet unavailable)
rElec    .         Reflect  .   i - +2 cloak {rPois}
rCorr    .         Harm     .   n - +0 pair of gloves
MR       ++...                  o - +2 pair of boots
Stlth    ..........             E - amulet of Calloo {Acrobat +Inv Str+4 Stlth+}
HPRegen  0.30/turn              G - +2 ring of evasion
MPRegen  0.17/turn              m - ring of protection from magic

@: no status effects
A: permanent stasis, dig shafts and tunnels, four strong arms, antennae 3
a: Dig, Shaft Self, Heroism, Finesse, Renounce Religion, Evoke Invisibility


You were on level 11 of the Dungeon.
You worshipped Okawaru.
Okawaru was exalted by your worship.
You were not hungry.

You visited 3 branches of the dungeon, and saw 18 of its levels.

You collected 1035 gold pieces.

Inventory:

Hand Weapons
 a - a +1 vampiric battleaxe (weapon)
   (Okawaru gifted it to you on level 10 of the Dungeon)
 b - a +1 hand axe of flaming
   (You took it off an orc priest on level 4 of the Dungeon)
Missiles
 k - a throwing net (quivered)
Armour
 c - a +1 kite shield (worn)
 h - a +0 plate armour (worn)
   (You found it on level 1 of the Dungeon)
 i - a +2 cloak of poison resistance (worn)
   (You took it off Crazy Yiuf on level 4 of the Dungeon)
 n - a +0 pair of gloves (worn)
   (You found it on level 7 of the Dungeon)
 o - a +2 pair of boots (worn)
   (You found it on level 4 of the Dungeon)
Jewellery
 l - an uncursed ring of ice
   (You found it on level 10 of the Dungeon)
 m - a ring of protection from magic (right hand)
   (You found it on level 10 of the Dungeon)
 y - the ring of Minwow {+Inv rN++ MR+ MP-9 EV-4}
   (You found it on level 4 of the Dungeon)

   [ring of evasion]

   It affects your evasion (-4).
   It greatly protects you from negative energy.
   It affects your resistance to hostile enchantments.
   It affects your magic capacity (-9).
   It lets you turn invisible.
 E - the amulet of Calloo (around neck) {Acrobat +Inv Str+4 Stlth+}
   (You found it on level 5 of the Lair of Beasts)

   [amulet of the acrobat]

   It helps you evade while moving and waiting.
   It affects your strength (+4).
   It lets you turn invisible.
   It makes you more stealthy.
 G - a +2 ring of evasion (left hand)
   (You found it on level 9 of the Dungeon)
 I - an uncursed ring of protection from cold {unknown}
   (You found it on level 6 of the Lair of Beasts)
 L - an uncursed ring of magical power {unknown}
   (You found it on level 11 of the Dungeon)
Wands
 v - a wand of digging (3)
   (You found it on level 3 of the Lair of Beasts)
 z - a wand of clouds (2)
   (You found it on level 2 of the Lair of Beasts)
 A - a wand of paralysis (6)
   (You found it on level 9 of the Dungeon)
 F - a wand of acid (17)
   (You found it on level 1 of the Lair of Beasts)
 H - a wand of enslavement (5)
   (You found it on level 9 of the Dungeon)
Scrolls
 r - 2 scrolls of identify
 s - 2 scrolls of immolation
 x - 4 scrolls of remove curse
 C - 4 scrolls of magic mapping
 K - a scroll of enchant armour
Potions
 d - 5 potions of might
 g - 3 potions of flight
 j - a potion of ambrosia
 p - 2 potions of stabbing
 q - 3 potions of curing
 t - a potion of brilliance {unknown}
 u - 3 potions of lignification
 w - a potion of heal wounds
 B - a potion of invisibility {unknown}
 D - 7 potions of mutation
 J - a potion of degeneration {unknown}
Comestibles
 e - 38 rations
 f - 8 chunks of flesh


   Skills:
 + Level 12.2 Fighting
 * Level 15.0 Axes
 + Level 12.2 Armour
 + Level 13.2 Shields
 - Level 8.0 Invocations


You had 14 spell levels left.
You didn't know any spells.
Your spell library was empty.

Dungeon Overview and Level Annotations

Branches:
Dungeon (11/15)            Temple (1/1) D:4            Lair (6/6) D:9
 Shoals (0/4) Lair:4       Spider (0/4) Lair:4        Slime (0/5) Lair:5
    Orc (0/2) D:9

Altars:
Ashenzari
Cheibriados
Dithmenos
Elyvilon
Gozag
Kikubaaqudgha
Okawaru
Qazlal
Ru
Sif Muna
Trog
Uskayaw
Vehumet
Wu Jian
Xom
Yredelemnul
Zin
The Shining One


Innate Abilities, Weirdness & Mutations

You cannot be hasted, slowed, berserked, paralysed or teleported.
You can dig through walls and to a lower floor.
Your four strong arms can wield two-handed weapons with a shield.
You have a pair of large antennae on your head. (SInv)


Message History

You block the 13-headed hydra's attack. The 13-headed hydra barely misses you.
The 13-headed hydra bites you. x2; The 13-headed hydra bites you!
You block the 13-headed hydra's attack.
The 13-headed hydra bites you but does no damage.
The phantom blinks!
You barely miss the 13-headed hydra.
The 13-headed hydra is lightly wounded.
You slash the brown ugly thing! The brown ugly thing bites you!
* * * LOW HITPOINT WARNING * * *
You are splashed with acid!
* * * LOW HITPOINT WARNING * * *
The 13-headed hydra bites you but does no damage. x2
The 13-headed hydra barely misses you. You block the 13-headed hydra's attack.
The 13-headed hydra bites you!
* * * LOW HITPOINT WARNING * * *
The 13-headed hydra bites you but does no damage.
You block the 13-headed hydra's attack. The 13-headed hydra bites you!
* * * LOW HITPOINT WARNING * * *
You block the 13-headed hydra's attack. The 13-headed hydra bites you!
You die...

#.# #....# #.#
#....# #.#
#....#
#####'###
######
#...(...#######
#.............#
#.........§...#
#####'##.(....#
#.##..@...#
#..'..Du..'...
####.....§###.
#.W....Z'.
#.......###
#.####### #. #.


You could see a 13-headed hydra, a brown ugly thing, a phantom and a centaur
warrior skeleton.

Vanquished Creatures
  2 dire elephants
  8 hydras
  A merfolk avatar (Lair:6)
  6 death yaks (Lair:2)
  2 unseen horrors
  Pikel (D:7)
  A deep elf mage (D:8)
  2 manticores (Lair:6)
  A cyclops (D:11)
  4 elephants
  Maurice (D:8)
  A centaur zombie (D:11)
  3 black mambas
  A torpor snail (Lair:3)
  10 spiny frogs
  A gargoyle (D:10)
  Maggie (Lair:2)
  9 komodo dragons
  8 rime drakes
  6 polar bears
  2 hornets (Lair:6)
  2 trolls
  A wind drake (Lair:6)
  18 blink frogs
  12 dream sheep
  7 hippogriffs
  5 wyverns
  2 wraiths
  44 yaks
  A hungry ghost (D:9)
  A vampire mosquito (D:11)
  2 swamp worms (Lair:2)
  6 porcupines
  18 water moccasins
  Duvessa (D:7)
  A black bear (Lair:4)
  A necrophage (D:10)
  2 orc warriors (D:10)
  A sky beast (D:5)
  3 ice beasts
  An eye of draining (D:11)
  5 ogres
  A phantom (D:11)
  A centaur (D:10)
  17 crocodiles
  4 big kobolds
  8 bullfrogs
  A wyvern zombie (D:10)
  7 gnoll sergeants
  Dowan (D:7)
  2 scorpions
  23 killer bees
  9 wights
  A howler monkey (D:9)
  4 electric eels (D:9)
  5 crimson imps
  3 quasits
  A centaur skeleton (D:5)
  Crazy Yiuf (D:4)
  A jelly (D:11)
  3 bullfrog skeletons
  2 hounds
  3 orc priests
  8 orc wizards
  An iguana (D:4)
  10 worker ants
  Natasha (thrice) (D:4)
  A hound zombie (D:8)
  7 adders
  23 gnolls
  3 shadow imps
  3 oozes
  An adder zombie (D:8)
  2 adder skeletons
  2 worms
  3 dart slugs
  8 leopard geckos
  35 orcs
  2 ball pythons
  7 giant cockroaches
  6 goblins
  6 hobgoblins
  11 kobolds
  6 quokkas
  2 bats
  9 frilled lizards
  A jackal skeleton (D:6)
  5 rats
  6 fungi
  5 plants
479 creatures vanquished.

Vanquished Creatures (others)
  Nergalle (Lair:2)
  Menkaure (D:7)
  2 slaves (D:7)
  An ogre (D:7)
  A scorpion (D:7)
  An orc priest (D:7)
  An orc wizard (D:7)
  A worker ant (D:7)
  2 orcs (D:7)
  A kobold (D:7)
  16 fungi
  40 plants
68 creatures vanquished.

Grand Total: 547 creatures vanquished

Notes
Turn   | Place    | Note
-------+----------+-------------------------------------------
     0 | D:1      | Flugslaktarn the Formicid Fighter began the quest for the
                  | Orb.
     0 | D:1      | Reached XP level 1. HP: 18/18 MP: 1/1
    19 | D:1      | Reached XP level 2. HP: 24/24 MP: 2/2
   188 | D:1      | Reached XP level 3. HP: 20/29 MP: 3/3
   762 | D:2      | Reached XP level 4. HP: 37/37 MP: 4/4
  1025 | D:2      | Reached skill level 3 in Axes
  1463 | D:3      | Reached XP level 5. HP: 42/42 MP: 5/5
  2622 | D:4      | Found a shadowy altar of Dithmenos.
  2624 | D:4      | Found a snail-covered altar of Cheibriados.
  2639 | D:4      | Reached XP level 6. HP: 11/48 MP: 6/6
  2998 | D:4      | Found a staircase to the Ecumenical Temple.
  2998 | D:4      | Noticed Natasha
  3005 | D:4      | Killed Natasha
  3005 | D:4      | Reached skill level 4 in Axes
  3009 | Temple   | Entered the Ecumenical Temple
  3030 | Temple   | Became a worshipper of Warmaster Okawaru
  3068 | D:4      | Noticed Natasha
  3074 | D:4      | Killed Natasha
  3074 | D:4      | Reached skill level 5 in Shields
  3116 | D:4      | Got a fine silver ring
  3168 | D:4      | Reached skill level 1 in Invocations
  3345 | D:4      | Reached XP level 7. HP: 43/55 MP: 7/7
  3389 | D:4      | Noticed Natasha
  3402 | D:4      | Killed Natasha
  3657 | D:4      | Identified the cursed ring of Minwow {+Inv rN++ MR+ MP-9
                  | EV-4} (You found it on level 4 of the Dungeon)
  3923 | D:4      | Found a runed translucent door.
  3924 | D:4      | Noticed Crazy Yiuf
  3932 | D:4      | Killed Crazy Yiuf
  3971 | D:5      | Entered Level 5 of the Dungeon
  4174 | D:5      | Reached skill level 5 in Axes
  4180 | D:5      | Reached skill level 5 in Fighting
  4482 | D:5      | Reached * piety under Okawaru
  4595 | D:5      | Reached skill level 5 in Armour
  4595 | D:5      | Reached XP level 8. HP: 53/62 MP: 9/9
  4983 | D:6      | Reached skill level 6 in Axes
  5290 | D:6      | Reached ** piety under Okawaru
  5856 | D:6      | Reached XP level 9. HP: 69/69 MP: 11/11
  6298 | D:7      | Noticed Pikel
  6327 | D:7      | Killed Pikel
  6327 | D:7      | Reached *** piety under Okawaru
  6327 | D:7      | Reached skill level 7 in Axes
  6592 | D:7      | Noticed Dowan
  6593 | D:7      | Noticed Duvessa
  6603 | D:7      | Killed Duvessa
  6603 | D:7      | Reached skill level 5 in Invocations
  6608 | D:7      | Killed Dowan
  6825 | D:7      | Killed Menkaure
  7209 | D:8      | Noticed Maurice
  7297 | D:8      | Found a hide-covered altar of Uskayaw.
  7297 | D:8      | Noticed a +0 dagger
  7297 | D:8      | Noticed a +0 dagger
  7323 | D:8      | Got a jewelled scale mail
  7337 | D:8      | Identified the +1 scale mail of Kleptomania {+Inv rPois
                  | MR++ Str-2} (You found it on level 8 of the Dungeon)
  7346 | D:8      | Killed Maurice
  7346 | D:8      | Reached skill level 8 in Axes
  7346 | D:8      | Reached XP level 10. HP: 78/79 MP: 12/14
  7364 | D:8      | Found a basalt altar of Yredelemnul.
  7609 | D:8      | Reached **** piety under Okawaru
  7848 | D:8      | Found a bloodstained altar of Trog.
  7915 | D:8      | Noticed a deep elf mage
  7915 | D:8      | Noticed an unseen horror
  7918 | D:8      | Killed an unseen horror
  7933 | D:8      | Killed a deep elf mage
  8343 | D:8      | Found a glowing silver altar of Zin.
  8343 | D:8      | Found a shimmering altar of Xom.
  8343 | D:8      | Noticed an angel
  8396 | D:9      | Received a gift from Okawaru
  8396 | D:9      | Reached skill level 9 in Axes
  9337 | D:9      | Found a stormy altar of Qazlal.
  9794 | D:9      | Found a staircase to the Lair.
  9932 | D:9      | Found a staircase to the Orcish Mines.
  9949 | D:9      | Reached ***** piety under Okawaru
  9984 | D:9      | Reached XP level 11. HP: 48/86 MP: 16/16
 10837 | D:9      | Found a glowing golden altar of the Shining One.
 10847 | D:9      | Found a bloodstained altar of Trog.
 11074 | D:10     | Entered Level 10 of the Dungeon
 11154 | D:10     | Received a gift from Okawaru
 11156 | D:10     | Reached skill level 10 in Axes
 11254 | D:10     | Noticed an unseen horror
 11272 | D:10     | Killed an unseen horror
 11981 | Lair:1   | Entered Level 1 of the Lair of Beasts
 12337 | Lair:1   | Reached XP level 12. HP: 76/95 MP: 12/18
 12359 | Lair:1   | Reached skill level 11 in Axes
 12923 | Lair:2   | Noticed a five-headed hydra
 12948 | Lair:1   | Reached skill level 10 in Shields
 13337 | Lair:2   | Received a gift from Okawaru
 13356 | Lair:2   | Noticed a death yak
 13356 | Lair:2   | Noticed a death yak
 13357 | Lair:2   | Noticed a death yak
 13357 | Lair:2   | Noticed a death yak
 13357 | Lair:2   | Noticed a death yak
 13358 | Lair:2   | Noticed a death yak
 13370 | Lair:2   | Killed a death yak
 13373 | Lair:2   | Killed a death yak
 13376 | Lair:2   | Killed a death yak
 13377 | Lair:2   | Killed a death yak
 13378 | Lair:2   | Killed a death yak
 13378 | Lair:2   | Reached ****** piety under Okawaru
 13385 | Lair:2   | Killed a death yak
 13385 | Lair:2   | Reached skill level 12 in Axes
 13453 | Lair:2   | Reached skill level 10 in Fighting
 13509 | Lair:2   | Killed a four-headed hydra
 13509 | Lair:2   | Received a gift from Okawaru
 13509 | Lair:2   | Reached skill level 10 in Armour
 13729 | Lair:2   | Noticed Maggie
 13740 | Lair:2   | Noticed Nergalle
 13744 | Lair:2   | Killed Maggie
 13752 | Lair:2   | Killed Nergalle
 14067 | Lair:2   | Reached XP level 13. HP: 95/103 MP: 19/19
 14904 | Lair:3   | Noticed an eight-headed hydra
 14917 | Lair:3   | Killed a two-headed hydra
 15910 | Lair:4   | Reached skill level 13 in Axes
 16032 | Lair:4   | Found a hole to the Spider Nest.
 16056 | Lair:4   | Noticed an eight-headed hydra
 16092 | Lair:4   | HP: 5/104 [11-headed hydra (3)]
 16093 | Lair:4   | You fall into a shaft and drop 2 floors!
 16093 | Lair:6   | Entered Level 6 of the Lair of Beasts
 16222 | Lair:6   | Noticed a seven-headed hydra
 16241 | Lair:6   | Killed a one-headed hydra
 16241 | Lair:6   | Received a gift from Okawaru
 16314 | Lair:5   | Got a sparkling emerald amulet
 16318 | Lair:5   | Identified the amulet of Calloo {Acrobat +Inv Str+4 Stlth+}
                  | (You found it on level 5 of the Lair of Beasts)
 16354 | Lair:5   | Found a staircase to the Slime Pits.
 16680 | Lair:4   | Found a staircase to the Shoals.
 16760 | Lair:4   | Killed a six-headed hydra
 17124 | Lair:5   | Reached XP level 14. HP: 113/113 MP: 20/20
 17154 | Lair:5   | Noticed a dire elephant
 17183 | Lair:5   | Killed a dire elephant
 17422 | Lair:5   | Received a gift from Okawaru
 17701 | Lair:5   | Reached skill level 14 in Axes
 18252 | Lair:6   | Received a gift from Okawaru
 18261 | Lair:6   | Got an iridescent executioner's axe {god gift}
 18262 | Lair:6   | Identified the +2 executioner's axe "Osus" {pain, Str+3
                  | Int+4} (Okawaru gifted it to you on level 6 of the Lair of
                  | Beasts)
 18360 | Lair:6   | Noticed a dire elephant
 18372 | Lair:6   | Killed a dire elephant
 19871 | D:11     | Received a gift from Okawaru
 19906 | D:11     | Reached skill level 15 in Axes
 19906 | D:11     | Reached XP level 15. HP: 110/121 MP: 21/21
 20042 | D:11     | Slain by a 13-headed hydra

Levels and vault maps discovered:
D:1:      lemuel_arrival_hallway, layout_basic
D:2:      layout_loops_cross, first_ration, hangedman_decor_clover_reticule
D:3:      minmay_skewed_foursquare, layout_basic
D:4:      layout_loops_corners, kennysheep_slug_shrine,
          overflow_temple_1_default, minmay_temple_entry_enclosed_plants,
          uniq_crazy_yiuf_cottage, uniq_natasha
D:5:      layout_cave_pools, lightli_minifort
D:6:      layout_gridville, kennysheep_generic_room_8
D:7:      layout_loops_cross, grunt_ogre_cave, uniq_pikel, uniq_menkaure,
          uniq_duvessa
D:8:      minmay_tri_box, layout_gridville,
          grunt_temple_overflow_order_and_chaos_1, dancing_weapons_uskayaw,
          old_standard_altar, basic_altar, uniq_maurice
D:9:      layout_long_grid, amethyst_overflow_temple_binary, lemuel_round_altar,
          dpeg_oklobed_lair, kennysheep_orc_monster_closet_entryway,
          minivault_14, serial_bayou_lagoon_b
D:10:     layout_long_grid
D:11:     layout_basic, minivault_20
Temple:   cyrus_circular_temple
Lair:1:   layout_gridlike, serial_bayou_shore_b, lemuel_fruit_tree,
          infiniplex_staircase_pool
Lair:2:   layout_regular_city, worms_lemuel, grunt_megastairs_4, uniq_maggie,
          uniq_nergalle
Lair:3:   layout_chaotic_city, guppyfry_lair_drakes
Lair:4:   layout_loops_ring, minmay_shoals_entry_centaurs,
          spider_nest_entry_web_field
Lair:5:   layout_loops_ring, slime_dummy, beast_lair_carwin_7,
          serial_bayou_shore_b
Lair:6:   gammafunk_lair_ancient_temple, layout_small_grid,
          nicolae_volcano_entry_hallway, chequers_serial_rivers_micro_e

Skill      XL: |  1  2  3  4  5  6  7  8  9 10 11 12 13 14 |
---------------+-------------------------------------------+-----
Shields        | 4 5 6 7 8 9 11 12 13 | 13.2
Axes           | 3 4 5 6 8 9 10 12 13 15 | 15.0
Fighting       | 4 5 7 9 10 11 12 | 12.2
Armour         | 4 5 6 7 8 10 11 12 | 12.2
Invocations    | 1 2 3 5 6 8 |  8.0

Action                   |  1- 3 |  4- 6 |  7- 9 | 10-12 | 13-15 || total
-------------------------+-------+-------+-------+-------+-------++-------
Melee: War axe           |    84 |   167 |   469 |   384 |       ||  1104
       Battleaxe         |       |       |       |   315 |   739 ||  1054
       Hand axe          |       |       |       |    10 |    54 ||    64
Invok: Heroism           |       |       |       |     4 |     4 ||     8
       Finesse           |       |       |       |     1 |     2 ||     3
 Abil: Shaft Self        |       |       |       |       |     1 ||     1
Evoke: Wand              |       |       |     3 |     1 |       ||     4
  Use: Scroll            |       |       |    10 |     5 |     3 ||    18
       Potion            |       |       |     3 |     3 |     4 ||    10
  Eat: Ration            |       |     2 |     1 |     5 |     2 ||    10
       Chunk             |       |     1 |    12 |    13 |    15 ||    41
Armor: Scale mail        |    15 |       |       |     1 |       ||    16
       Plate armour      |    18 |    71 |   320 |   524 |   428 ||  1361
Dodge: Dodged            |    29 |    49 |   150 |   274 |   348 ||   850
Block: Kite shield       |    51 |    84 |   354 |   516 |   689 ||  1694

Table legend:
 A = Non-vault XP
 B = Vault XP
 C = Vault XP percentage of total XP
 D = Non-vault monster count
 E = Vault monster count
 F = Vault count percentage of total count
                 A         B        C        D         E       F
            +---------+---------+-------+---------+---------+-------
      Total |   53252 |   20610 |  27.9 |     378 |      90 |  19.2
            +---------+---------+-------+---------+---------+-------
        D:1 |      59 |       0 |   0.0 |      24 |       0 |   0.0
        D:2 |      34 |       0 |   0.0 |       9 |       0 |   0.0
        D:3 |     104 |      21 |  16.8 |      18 |       8 |  30.8
        D:4 |     373 |      83 |  18.2 |      22 |       3 |  12.0
        D:5 |     429 |     158 |  26.9 |      11 |       6 |  35.3
        D:6 |     777 |      35 |   4.3 |      24 |       1 |   4.0
        D:7 |     539 |     953 |  63.9 |      14 |       4 |  22.2
        D:8 |     454 |    1927 |  80.9 |      14 |       8 |  36.4
        D:9 |    1356 |    1289 |  48.7 |      14 |      20 |  58.8
       D:10 |    4426 |       0 |   0.0 |      44 |       0 |   0.0
       D:11 |    3550 |     386 |   9.8 |      39 |       2 |   4.9
     Lair:1 |    3055 |     425 |  12.2 |      13 |       1 |   7.1
     Lair:2 |    9465 |    1913 |  16.8 |      30 |       6 |  16.7
     Lair:3 |    4578 |     306 |   6.3 |      18 |       1 |   5.3
     Lair:4 |    6701 |       0 |   0.0 |      24 |       0 |   0.0
     Lair:5 |    5521 |    2172 |  28.2 |      17 |       3 |  15.0
     Lair:6 |   11831 |   10942 |  48.0 |      43 |      27 |  38.6
            +---------+---------+-------+---------+---------+-------
